[ PARTIDA AOE2 · #475650449 ]
Team RMVietnamitas vs Dravidians
[ ANÁLISIS DE REPETICIÓN · EXTRAÍDO DE LA PARTIDA GRABADA ]
Feudal
11:28
Castillos
24:04
Imperial
46:18
| APM promedio | 27.5 |
| APM pico | 70 |
| eAPM promedio | 13.7 |
| Aldeanos / militares | 117 / 127 |
Foco
⚔️ 33.9% · 🌾 66.1%
Archer ×67 · Spearman ×52 · Battle Elephant ×4 · Trebuchet (Packed) ×3 · Skirmisher ×1
Feudal
11:31
Castillos
15:21
Imperial
34:46
| APM promedio | 39.5 |
| APM pico | 96 |
| eAPM promedio | 20.6 |
| Aldeanos / militares | 135 / 289 |
Foco
⚔️ 29.3% · 🌾 70.7%
Skirmisher ×114 · Spearman ×93 · Cavalry Archer ×69 · Battering Ram ×7 · Scout Cavalry ×4 · Knight ×1
Feudal
11:14
Castillos
25:08
Imperial
40:34
| APM promedio | 27.3 |
| APM pico | 67 |
| eAPM promedio | 16.3 |
| Aldeanos / militares | 149 / 180 |
Foco
⚔️ 39.4% · 🌾 60.6%
Scout Cavalry ×61 · Steppe Lancer ×47 · Cavalry Archer ×25 · Kipchak ×12 · Trebuchet (Packed) ×12 · Scorpion ×11
Feudal
12:21
Castillos
23:04
Imperial
39:41
| APM promedio | 20.0 |
| APM pico | 51 |
| eAPM promedio | 14.3 |
| Aldeanos / militares | 126 / 146 |
Foco
⚔️ 25.9% · 🌾 74.1%
Knight ×54 · Magyar Huszar ×42 · Skirmisher ×24 · Spearman ×19 · Scout Cavalry ×4 · Trade Cart ×3
Feudal
12:57
Castillos
16:37
Imperial
33:44
| APM promedio | 13.3 |
| APM pico | 34 |
| eAPM promedio | 9.0 |
| Aldeanos / militares | 105 / 175 |
Foco
⚔️ 26.4% · 🌾 73.6%
Konnik ×159 · Trebuchet (Packed) ×10 · Knight ×4 · Monk ×2
Feudal
10:25
Castillos
19:47
Imperial
33:54
| APM promedio | 23.6 |
| APM pico | 64 |
| eAPM promedio | 12.2 |
| Aldeanos / militares | 97 / 117 |
Foco
⚔️ 34.9% · 🌾 65.1%
Elephant Archer ×64 · Scout Cavalry ×20 · Spearman ×12 · Bombard Cannon ×9 · Hand Cannoneer ×3 · Trebuchet (Packed) ×3
Mapa de la partida
Recursos iniciales + cada clic de construcción. Líneas = muros · curvas = relieve. ◆ oro · ⬟ piedra · ● bayas · ✦ reliquia · ◌ hueco del cierre
Tu base· Abierta — flanco sin cerrar
Base de Lupus· Abierta — flanco sin cerrar
Base de moleMTL· Abierta — flanco sin cerrar
Base de uberwk· Abierta — hueco de 5t
Base de Kashyyykistan· Abierta — flanco sin cerrar
Base de ehunevazze· Abierta — hueco de 7t
Terreno inicial suavizado · ◌ = hueco del cierre detectado · pasá el cursor para detalles
Inputs por minuto
— keyser5öz3 - - Lupus
Build order — keyser5öz3
Primeras 150 de 367 acciones detectadas
| 0:01 | Crear | Villager (Male) |
| 0:01 | Crear | Villager (Male) |
| 0:02 | Crear | Villager (Male) |
| 0:02 | Crear | Villager (Male) |
| 0:02 | Crear | Villager (Male) |
| 0:03 | Construir | House |
| 0:05 | Construir | House |
| 1:27 | Crear | Villager (Male) |
| 1:46 | Construir | Lumber Camp |
| 2:19 | Crear | Villager (Male) |
| 2:47 | Crear | Villager (Male) |
| 3:29 | Crear | Villager (Male) |
| 3:41 | Crear | Villager (Male) |
| 3:57 | Construir | House |
| 4:26 | Construir | Mill |
| 4:37 | Crear | Villager (Male) |
| 5:08 | Crear | Villager (Male) |
| 5:32 | Crear | Villager (Male) |
| 5:45 | Crear | Villager (Male) |
| 5:46 | Crear | Villager (Male) |
| 6:19 | Crear | Villager (Male) |
| 6:27 | Construir | House |
| 6:30 | Crear | Villager (Male) |
| 7:05 | Crear | Villager (Male) |
| 7:16 | Construir | Lumber Camp |
| 7:39 | Crear | Villager (Male) |
| 7:57 | Construir | Farm |
| 8:00 | Construir | Farm |
| 8:13 | Investigar | Loom |
| 8:22 | Crear | Villager (Male) |
| 8:23 | Investigar | Loom |
| 8:40 | Construir | Mining Camp |
| 9:10 | Investigar | Feudal Age |
| 9:24 | Construir | Barracks |
| 9:42 | Crear | Villager (Male) |
| 10:39 | Construir | House |
| 11:28 | Edad | Edad Feudal |
| 11:29 | Construir | Farm |
| 11:35 | Construir | Archery Range |
| 11:47 | Construir | Farm |
| 11:54 | Crear | Villager (Male) |
| 11:55 | Crear | Villager (Male) |
| 12:06 | Construir | Farm |
| 12:11 | Crear | Villager (Male) |
| 12:33 | Crear | Villager (Male) |
| 12:38 | Investigar | Double-Bit Axe |
| 12:47 | Crear | Archer |
| 12:49 | Crear | Archer |
| 12:49 | Crear | Archer |
| 12:50 | Crear | Archer |
| 13:31 | Construir | House |
| 13:48 | Crear | Spearman |
| 13:59 | Investigar | Wheelbarrow |
| 13:59 | Crear | Villager (Male) |
| 14:16 | Crear | Archer |
| 14:25 | Construir | Farm |
| 14:31 | Crear | Villager (Male) |
| 15:23 | Construir | Farm |
| 15:25 | Construir | Farm |
| 15:33 | Construir | House |
| 15:39 | Investigar | Town Watch |
| 15:41 | Crear | Villager (Male) |
| 16:23 | Crear | Archer |
| 16:50 | Construir | Blacksmith |
| 16:54 | Crear | Villager (Male) |
| 16:55 | Crear | Villager (Male) |
| 16:58 | Crear | Villager (Male) |
| 17:36 | Crear | Spearman |
| 17:37 | Crear | Skirmisher |
| 17:39 | Crear | Spearman |
| 17:41 | Crear | Archer |
| 17:41 | Crear | Archer |
| 17:46 | Investigar | Fletching |
| 17:57 | Crear | Villager (Male) |
| 18:12 | Construir | House |
| 18:13 | Construir | House |
| 18:18 | Crear | Villager (Male) |
| 18:31 | Crear | Archer |
| 18:32 | Crear | Archer |
| 18:44 | Construir | Farm |
| 18:51 | Crear | Spearman |
| 19:00 | Crear | Villager (Male) |
| 19:04 | Construir | Farm |
| 19:08 | Construir | Mining Camp |
| 19:13 | Crear | Villager (Male) |
| 19:24 | Construir | Farm |
| 19:40 | Crear | Villager (Male) |
| 19:54 | Investigar | Padded Archer Armor |
| 20:01 | Crear | Spearman |
| 20:03 | Crear | Archer |
| 20:20 | Construir | House |
| 20:27 | Crear | Villager (Male) |
| 21:24 | Investigar | Castle Age |
| 21:44 | Construir | Archery Range |
| 21:50 | Crear | Villager (Male) |
| 21:57 | Construir | Mining Camp |
| 22:51 | Crear | Archer |
| 22:52 | Crear | Archer |
| 22:52 | Crear | Archer |
| 22:53 | Crear | Archer |
| 22:54 | Crear | Archer |
| 23:03 | Crear | Spearman |
| 23:07 | Crear | Archer |
| 23:07 | Crear | Archer |
| 23:08 | Crear | Archer |
| 23:12 | Construir | House |
| 23:19 | Crear | Villager (Male) |
| 23:29 | Construir | House |
| 23:42 | Crear | Archer |
| 23:49 | Construir | House |
| 23:50 | Construir | House |
| 23:51 | Construir | House |
| 24:03 | Crear | Archer |
| 24:04 | Edad | Edad de los Castillos |
| 24:09 | Investigar | Crossbowman (upgrade) |
| 24:09 | Investigar | Thumb Ring |
| 24:12 | Crear | Archer |
| 24:28 | Crear | Villager (Male) |
| 24:34 | Construir | Farm |
| 24:37 | Construir | Farm |
| 24:42 | Construir | Farm |
| 24:46 | Crear | Villager (Male) |
| 25:02 | Crear | Villager (Male) |
| 25:02 | Crear | Villager (Male) |
| 25:20 | Construir | House |
| 25:21 | Construir | House |
| 26:44 | Construir | Town Center |
| 26:48 | Construir | House |
| 27:02 | Crear | Archer |
| 27:02 | Crear | Archer |
| 27:03 | Crear | Archer |
| 27:03 | Crear | Archer |
| 27:04 | Crear | Archer |
| 27:04 | Crear | Archer |
| 27:05 | Crear | Archer |
| 27:06 | Crear | Archer |
| 27:32 | Construir | House |
| 27:33 | Construir | House |
| 27:36 | Crear | Villager (Male) |
| 27:36 | Crear | Villager (Male) |
| 27:37 | Crear | Villager (Male) |
| 27:45 | Investigar | Hand Cart |
| 27:47 | Investigar | Bow Saw |
| 27:53 | Construir | Lumber Camp |
| 28:13 | Construir | University |
| 28:15 | Crear | Villager (Male) |
| 28:16 | Crear | Villager (Male) |
| 28:26 | Crear | Spearman |
| 28:27 | Crear | Spearman |
| 28:51 | Crear | Spearman |
Build order — Lupus
Primeras 150 de 436 acciones detectadas
| 0:00 | Crear | Villager (Male) |
| 0:01 | Crear | Villager (Male) |
| 0:01 | Crear | Villager (Male) |
| 0:01 | Crear | Villager (Male) |
| 1:10 | Crear | Villager (Male) |
| 1:58 | Crear | Villager (Male) |
| 2:01 | Construir | Lumber Camp |
| 2:19 | Crear | Villager (Male) |
| 2:47 | Crear | Villager (Male) |
| 2:47 | Crear | Villager (Male) |
| 3:12 | Crear | Villager (Male) |
| 3:35 | Crear | Villager (Male) |
| 3:43 | Crear | Villager (Male) |
| 3:43 | Crear | Villager (Male) |
| 4:42 | Crear | Villager (Male) |
| 4:42 | Crear | Villager (Male) |
| 4:52 | Construir | Barracks |
| 4:56 | Construir | Mill |
| 5:11 | Crear | Villager (Male) |
| 5:11 | Crear | Villager (Male) |
| 5:28 | Crear | Villager (Male) |
| 5:49 | Construir | Farm |
| 6:26 | Crear | Villager (Male) |
| 6:26 | Crear | Villager (Male) |
| 6:27 | Crear | Villager (Male) |
| 6:58 | Crear | Villager (Male) |
| 6:58 | Crear | Villager (Male) |
| 6:58 | Crear | Villager (Male) |
| 7:21 | Crear | Villager (Male) |
| 7:22 | Crear | Villager (Male) |
| 7:22 | Crear | Villager (Male) |
| 7:46 | Crear | Villager (Male) |
| 7:52 | Crear | Villager (Male) |
| 7:54 | Investigar | Loom |
| 8:33 | Construir | Mining Camp |
| 9:12 | Investigar | Feudal Age |
| 9:49 | Construir | Barracks |
| 11:31 | Edad | Edad Feudal |
| 11:34 | Crear | Villager (Male) |
| 11:34 | Crear | Villager (Male) |
| 11:39 | Construir | Stable |
| 12:02 | Construir | Blacksmith |
| 12:35 | Crear | Villager (Male) |
| 12:41 | Investigar | Castle Age |
| 12:41 | Investigar | Castle Age |
| 12:43 | Crear | Scout Cavalry |
| 12:43 | Crear | Scout Cavalry |
| 12:57 | Construir | Farm |
| 13:02 | Construir | Farm |
| 13:05 | Construir | Farm |
| 13:07 | Crear | Scout Cavalry |
| 13:34 | Construir | Farm |
| 13:41 | Crear | Scout Cavalry |
| 14:57 | Crear | Villager (Male) |
| 14:57 | Crear | Villager (Male) |
| 14:57 | Crear | Villager (Male) |
| 15:21 | Edad | Edad de los Castillos |
| 15:36 | Construir | Town Center |
| 16:22 | Construir | Town Center |
| 16:35 | Crear | Villager (Male) |
| 16:36 | Crear | Villager (Male) |
| 16:36 | Crear | Villager (Male) |
| 16:36 | Crear | Villager (Male) |
| 16:50 | Crear | Spearman |
| 17:22 | Crear | Villager (Male) |
| 17:22 | Crear | Villager (Male) |
| 17:35 | Construir | Farm |
| 17:36 | Construir | Farm |
| 17:54 | Crear | Villager (Male) |
| 17:54 | Crear | Villager (Male) |
| 17:55 | Crear | Villager (Male) |
| 18:15 | Construir | Farm |
| 18:15 | Construir | Farm |
| 18:17 | Crear | Villager (Male) |
| 18:22 | Construir | Farm |
| 18:23 | Crear | Villager (Male) |
| 18:24 | Crear | Villager (Male) |
| 18:46 | Crear | Villager (Male) |
| 18:46 | Crear | Villager (Male) |
| 18:47 | Construir | Farm |
| 18:55 | Construir | Farm |
| 19:45 | Crear | Knight |
| 19:52 | Crear | Villager (Male) |
| 19:52 | Crear | Villager (Male) |
| 19:52 | Crear | Villager (Male) |
| 19:53 | Crear | Villager (Male) |
| 19:59 | Construir | Farm |
| 19:59 | Construir | Farm |
| 20:00 | Construir | Farm |
| 20:00 | Construir | Farm |
| 20:01 | Construir | Farm |
| 20:15 | Crear | Villager (Male) |
| 20:20 | Crear | Villager (Male) |
| 20:32 | Crear | Villager (Male) |
| 20:43 | Crear | Villager (Male) |
| 20:44 | Crear | Villager (Male) |
| 20:55 | Construir | Stable |
| 20:59 | Crear | Villager (Male) |
| 21:07 | Crear | Villager (Male) |
| 21:15 | Crear | Villager (Male) |
| 21:15 | Crear | Villager (Male) |
| 21:22 | Construir | Farm |
| 21:23 | Crear | Villager (Male) |
| 21:34 | Crear | Villager (Male) |
| 21:43 | Construir | Farm |
| 21:44 | Crear | Villager (Male) |
| 21:58 | Crear | Villager (Male) |
| 22:09 | Crear | Villager (Male) |
| 22:21 | Construir | Archery Range |
| 22:28 | Construir | Archery Range |
| 22:32 | Crear | Villager (Male) |
| 22:32 | Crear | Villager (Male) |
| 22:32 | Crear | Villager (Male) |
| 22:38 | Construir | Lumber Camp |
| 22:50 | Crear | Villager (Male) |
| 22:57 | Investigar | Fletching |
| 23:11 | Crear | Villager (Male) |
| 23:16 | Crear | Villager (Male) |
| 23:25 | Construir | Farm |
| 23:30 | Construir | Farm |
| 23:31 | Crear | Villager (Male) |
| 23:32 | Crear | Villager (Male) |
| 23:39 | Construir | Farm |
| 23:44 | Construir | Farm |
| 23:50 | Construir | Market |
| 24:09 | Crear | Villager (Male) |
| 24:09 | Crear | Villager (Male) |
| 24:10 | Crear | Villager (Male) |
| 24:10 | Crear | Villager (Male) |
| 24:16 | Investigar | Double-Bit Axe |
| 24:21 | Crear | Cavalry Archer |
| 24:21 | Crear | Cavalry Archer |
| 24:33 | Crear | Villager (Male) |
| 24:33 | Crear | Villager (Male) |
| 24:33 | Crear | Villager (Male) |
| 24:34 | Crear | Villager (Male) |
| 24:49 | Crear | Villager (Male) |
| 24:49 | Crear | Villager (Male) |
| 24:57 | Crear | Villager (Male) |
| 24:57 | Crear | Villager (Male) |
| 24:57 | Crear | Villager (Male) |
| 25:01 | Crear | Cavalry Archer |
| 25:02 | Crear | Cavalry Archer |
| 25:02 | Crear | Cavalry Archer |
| 25:33 | Construir | Archery Range |
| 25:36 | Crear | Villager (Male) |
| 25:39 | Crear | Villager (Male) |
| 25:39 | Crear | Villager (Male) |
| 25:45 | Crear | Villager (Male) |
| 25:45 | Crear | Villager (Male) |
Build order — moleMTL
Primeras 150 de 495 acciones detectadas
| 0:05 | Construir | House |
| 0:11 | Crear | Villager (Male) |
| 0:11 | Crear | Villager (Male) |
| 0:11 | Crear | Villager (Male) |
| 0:11 | Crear | Villager (Male) |
| 0:17 | Construir | House |
| 1:54 | Crear | Villager (Male) |
| 1:54 | Crear | Villager (Male) |
| 1:54 | Crear | Villager (Male) |
| 2:22 | Construir | House |
| 2:34 | Crear | Villager (Male) |
| 2:35 | Crear | Villager (Male) |
| 3:02 | Construir | Lumber Camp |
| 3:14 | Crear | Villager (Male) |
| 3:29 | Construir | House |
| 3:33 | Crear | Villager (Male) |
| 3:33 | Crear | Villager (Male) |
| 3:45 | Crear | Villager (Male) |
| 4:12 | Construir | Palisade Wall |
| 4:18 | Crear | Villager (Male) |
| 4:18 | Crear | Villager (Male) |
| 4:41 | Crear | Villager (Male) |
| 5:13 | Crear | Villager (Male) |
| 5:47 | Crear | Villager (Male) |
| 5:52 | Construir | Mill |
| 6:14 | Crear | Villager (Male) |
| 6:15 | Crear | Villager (Male) |
| 6:39 | Crear | Villager (Male) |
| 6:39 | Crear | Villager (Male) |
| 6:53 | Construir | House |
| 6:57 | Construir | Palisade Wall |
| 7:00 | Crear | Villager (Male) |
| 7:20 | Investigar | Loom |
| 8:13 | Construir | Mining Camp |
| 8:15 | Construir | Palisade Wall |
| 8:17 | Construir | Palisade Wall |
| 8:49 | Construir | House |
| 8:53 | Crear | Villager (Male) |
| 9:03 | Investigar | Feudal Age |
| 9:21 | Construir | House |
| 9:24 | Construir | Palisade Wall |
| 9:33 | Crear | Villager (Male) |
| 10:07 | Construir | Barracks |
| 11:14 | Edad | Edad Feudal |
| 11:23 | Crear | Villager (Male) |
| 11:23 | Crear | Villager (Male) |
| 11:25 | Investigar | Double-Bit Axe |
| 11:49 | Construir | Town Center |
| 12:03 | Construir | House |
| 12:08 | Crear | Villager (Male) |
| 12:14 | Crear | Villager (Male) |
| 12:14 | Crear | Villager (Male) |
| 12:50 | Crear | Villager (Male) |
| 12:51 | Crear | Villager (Male) |
| 13:03 | Construir | Stable |
| 13:06 | Construir | House |
| 13:10 | Crear | Villager (Male) |
| 13:21 | Crear | Villager (Male) |
| 13:28 | Crear | Villager (Male) |
| 13:38 | Crear | Villager (Male) |
| 13:47 | Crear | Villager (Male) |
| 13:48 | Crear | Villager (Male) |
| 13:49 | Crear | Villager (Male) |
| 14:05 | Construir | Watch Tower |
| 14:09 | Crear | Villager (Male) |
| 14:21 | Construir | Lumber Camp |
| 14:22 | Crear | Villager (Male) |
| 14:43 | Construir | Blacksmith |
| 14:46 | Construir | House |
| 15:12 | Crear | Villager (Male) |
| 15:14 | Crear | Scout Cavalry |
| 15:24 | Crear | Villager (Male) |
| 15:30 | Construir | Farm |
| 15:56 | Crear | Villager (Male) |
| 16:17 | Construir | Watch Tower |
| 16:19 | Crear | Villager (Male) |
| 16:35 | Construir | Farm |
| 16:37 | Construir | Farm |
| 16:41 | Construir | Farm |
| 16:51 | Crear | Villager (Male) |
| 16:55 | Crear | Militia |
| 17:27 | Crear | Villager (Male) |
| 17:27 | Crear | Villager (Male) |
| 17:31 | Construir | Farm |
| 17:32 | Construir | Farm |
| 17:32 | Construir | Farm |
| 17:36 | Construir | Farm |
| 17:36 | Construir | Farm |
| 17:37 | Construir | Farm |
| 17:37 | Construir | Farm |
| 17:37 | Construir | Farm |
| 17:38 | Construir | Farm |
| 17:38 | Construir | Farm |
| 17:54 | Construir | Farm |
| 17:58 | Crear | Villager (Male) |
| 17:59 | Crear | Villager (Male) |
| 17:59 | Crear | Villager (Male) |
| 18:13 | Construir | Farm |
| 18:23 | Investigar | Fletching |
| 18:27 | Construir | Farm |
| 18:43 | Crear | Villager (Male) |
| 18:43 | Crear | Villager (Male) |
| 18:43 | Crear | Villager (Male) |
| 18:52 | Construir | Farm |
| 18:58 | Crear | Villager (Male) |
| 19:11 | Crear | Villager (Male) |
| 19:12 | Crear | Villager (Male) |
| 19:12 | Crear | Villager (Male) |
| 19:23 | Construir | Farm |
| 19:29 | Crear | Villager (Male) |
| 19:32 | Crear | Villager (Male) |
| 19:35 | Construir | Farm |
| 19:38 | Crear | Villager (Male) |
| 19:38 | Crear | Villager (Male) |
| 19:52 | Construir | Mill |
| 19:53 | Construir | Farm |
| 19:53 | Construir | Farm |
| 19:54 | Construir | Farm |
| 19:54 | Construir | Farm |
| 19:54 | Construir | Farm |
| 20:00 | Construir | Farm |
| 20:01 | Construir | Farm |
| 20:01 | Construir | Farm |
| 20:05 | Construir | Farm |
| 20:08 | Investigar | Bloodlines |
| 20:19 | Construir | House |
| 20:22 | Crear | Villager (Male) |
| 20:22 | Crear | Villager (Male) |
| 20:33 | Construir | House |
| 20:35 | Construir | House |
| 20:36 | Construir | House |
| 20:37 | Construir | House |
| 20:38 | Construir | House |
| 20:42 | Construir | House |
| 20:50 | Construir | House |
| 20:56 | Crear | Villager (Male) |
| 20:56 | Crear | Villager (Male) |
| 21:08 | Crear | Villager (Male) |
| 21:08 | Crear | Villager (Male) |
| 21:21 | Construir | Farm |
| 21:56 | Construir | Stable |
| 22:06 | Crear | Villager (Male) |
| 22:23 | Investigar | Castle Age |
| 22:45 | Construir | Watch Tower |
| 22:59 | Investigar | Wheelbarrow |
| 23:01 | Investigar | Town Watch |
| 23:23 | Construir | Watch Tower |
| 23:45 | Construir | Archery Range |
| 23:47 | Construir | Archery Range |
| 23:49 | Construir | Archery Range |
Build order — uberwk
Primeras 150 de 319 acciones detectadas
| 0:04 | Crear | Villager (Male) ×4 |
| 0:07 | Construir | House |
| 0:08 | Construir | House |
| 0:10 | Construir | House |
| 1:30 | Investigar | Loom |
| 1:35 | Crear | Villager (Male) |
| 2:09 | Construir | Lumber Camp |
| 2:14 | Investigar | Loom |
| 2:27 | Crear | Villager (Male) |
| 2:27 | Crear | Villager (Male) |
| 2:42 | Crear | Villager (Male) |
| 3:09 | Crear | Villager (Male) |
| 3:09 | Crear | Villager (Male) |
| 3:30 | Crear | Villager (Male) |
| 4:03 | Crear | Villager (Male) |
| 4:49 | Crear | Villager (Male) |
| 4:49 | Crear | Villager (Male) |
| 4:50 | Crear | Villager (Male) |
| 5:06 | Crear | Villager (Male) |
| 5:06 | Crear | Villager (Male) |
| 5:41 | Crear | Villager (Male) |
| 5:41 | Crear | Villager (Male) |
| 6:36 | Construir | Mill |
| 6:41 | Crear | Villager (Male) |
| 6:41 | Crear | Villager (Male) |
| 6:41 | Crear | Villager (Male) |
| 6:42 | Crear | Villager (Male) |
| 6:44 | Crear | Villager (Male) |
| 6:53 | Construir | House |
| 6:54 | Construir | House |
| 7:22 | Crear | Villager (Male) |
| 7:22 | Crear | Villager (Male) |
| 8:36 | Construir | Barracks |
| 8:42 | Construir | House |
| 8:56 | Construir | Mining Camp |
| 9:10 | Construir | Farm |
| 9:14 | Construir | Farm |
| 9:23 | Construir | Farm |
| 10:00 | Construir | Palisade Wall |
| 10:05 | Construir | House |
| 10:11 | Investigar | Feudal Age |
| 10:27 | Construir | Farm |
| 10:51 | Construir | Palisade Gate |
| 11:36 | Construir | Barracks |
| 11:43 | Construir | House |
| 11:46 | Construir | House |
| 11:48 | Construir | House |
| 12:21 | Edad | Edad Feudal |
| 12:22 | Investigar | Double-Bit Axe |
| 12:27 | Investigar | Town Watch |
| 12:43 | Construir | Stable |
| 12:56 | Investigar | Wheelbarrow |
| 13:05 | Construir | Stable |
| 13:11 | Construir | Palisade Wall |
| 13:32 | Crear | Spearman |
| 13:32 | Crear | Spearman |
| 13:44 | Investigar | Bloodlines |
| 14:09 | Crear | Spearman |
| 14:11 | Crear | Spearman |
| 14:19 | Crear | Spearman |
| 14:23 | Crear | Scout Cavalry |
| 14:44 | Crear | Villager (Male) |
| 14:44 | Crear | Villager (Male) |
| 15:07 | Crear | Scout Cavalry |
| 15:34 | Crear | Scout Cavalry |
| 15:34 | Crear | Scout Cavalry |
| 15:49 | Crear | Villager (Male) |
| 15:50 | Crear | Villager (Male) |
| 15:50 | Crear | Villager (Male) |
| 16:05 | Construir | Watch Tower |
| 16:22 | Construir | Farm |
| 16:23 | Construir | Farm |
| 16:30 | Investigar | Horse Collar |
| 16:51 | Construir | Farm |
| 16:56 | Construir | Farm |
| 18:09 | Construir | Market |
| 18:13 | Construir | Blacksmith |
| 18:19 | Crear | Villager (Male) |
| 18:19 | Crear | Villager (Male) |
| 18:19 | Crear | Villager (Male) |
| 18:20 | Crear | Villager (Male) |
| 18:22 | Crear | Villager (Male) |
| 18:35 | Construir | Farm |
| 18:36 | Construir | Farm |
| 19:21 | Construir | Farm |
| 20:05 | Investigar | Castle Age |
| 20:17 | Investigar | Stone Mining |
| 20:40 | Construir | Farm |
| 20:42 | Construir | Farm |
| 20:49 | Investigar | Gold Mining |
| 21:54 | Investigar | Scale Barding Armor |
| 21:59 | Investigar | Fletching |
| 22:26 | Construir | House |
| 22:28 | Construir | House |
| 22:29 | Construir | House |
| 22:30 | Construir | House |
| 22:52 | Crear | Villager (Male) |
| 22:52 | Crear | Villager (Male) |
| 22:52 | Crear | Villager (Male) |
| 22:53 | Crear | Villager (Male) |
| 23:04 | Edad | Edad de los Castillos |
| 23:29 | Crear | Villager (Male) |
| 23:29 | Crear | Villager (Male) |
| 23:30 | Crear | Villager (Male) |
| 23:30 | Crear | Villager (Male) |
| 23:40 | Construir | Town Center |
| 24:20 | Construir | Castle |
| 24:27 | Crear | Villager (Male) |
| 24:28 | Crear | Villager (Male) |
| 24:28 | Crear | Villager (Male) |
| 24:41 | Investigar | Bow Saw |
| 25:26 | Investigar | Chain Barding Armor |
| 25:44 | Construir | Farm |
| 25:47 | Construir | Farm |
| 25:48 | Construir | Farm |
| 25:50 | Construir | Farm |
| 25:51 | Construir | Farm |
| 25:57 | Crear | Villager (Male) |
| 25:58 | Crear | Villager (Male) |
| 26:10 | Crear | Magyar Huszar |
| 26:10 | Crear | Magyar Huszar |
| 26:10 | Crear | Magyar Huszar |
| 26:11 | Crear | Magyar Huszar |
| 26:51 | Crear | Villager (Male) |
| 26:52 | Crear | Villager (Male) |
| 26:52 | Crear | Villager (Male) |
| 26:53 | Crear | Villager (Male) |
| 27:01 | Construir | Town Center |
| 27:11 | Crear | Magyar Huszar |
| 27:11 | Crear | Magyar Huszar |
| 27:11 | Crear | Magyar Huszar |
| 27:15 | Crear | Magyar Huszar |
| 27:15 | Crear | Magyar Huszar |
| 27:31 | Construir | University |
| 27:41 | Crear | Villager (Male) |
| 27:41 | Crear | Villager (Male) |
| 27:41 | Crear | Villager (Male) |
| 27:41 | Crear | Villager (Male) |
| 27:43 | Crear | Villager (Male) |
| 27:44 | Crear | Villager (Male) |
| 28:13 | Investigar | Pikeman (upgrade) |
| 28:15 | Crear | Spearman |
| 28:15 | Crear | Spearman |
| 28:15 | Crear | Spearman |
| 28:16 | Crear | Spearman |
| 28:49 | Crear | Villager (Male) |
| 28:50 | Crear | Villager (Male) |
| 28:50 | Crear | Villager (Male) |
| 28:50 | Crear | Villager (Male) |
| 28:50 | Crear | Villager (Male) |
Build order — Kashyyykistan
Primeras 150 de 216 acciones detectadas
| 0:01 | Crear | Villager (Male) ×4 |
| 0:03 | Construir | House |
| 0:05 | Construir | House |
| 1:49 | Construir | Lumber Camp |
| 1:51 | Crear | Villager (Male) |
| 2:09 | Crear | Villager (Male) |
| 2:22 | Crear | Villager (Male) |
| 3:04 | Crear | Villager (Male) |
| 3:17 | Crear | Villager (Male) |
| 3:39 | Construir | House |
| 3:53 | Crear | Villager (Male) |
| 4:01 | Crear | Villager (Male) |
| 4:09 | Construir | Mill |
| 5:12 | Crear | Villager (Male) |
| 6:01 | Crear | Villager (Male) ×3 |
| 6:15 | Construir | House |
| 6:58 | Construir | House |
| 7:09 | Crear | Villager (Male) ×4 |
| 8:36 | Construir | Barracks |
| 8:53 | Construir | Farm |
| 8:59 | Construir | Farm |
| 9:04 | Construir | Mining Camp |
| 9:07 | Crear | Villager (Male) |
| 9:07 | Crear | Villager (Male) |
| 9:55 | Crear | Villager (Male) |
| 10:07 | Construir | Farm |
| 10:09 | Investigar | Loom |
| 10:09 | Investigar | Feudal Age |
| 10:25 | Construir | Farm |
| 12:23 | Crear | Villager (Male) |
| 12:24 | Crear | Villager (Male) |
| 12:57 | Edad | Edad Feudal |
| 13:00 | Construir | Market |
| 13:05 | Construir | Stable |
| 13:57 | Investigar | Castle Age |
| 14:16 | Construir | House |
| 14:20 | Construir | House |
| 14:30 | Investigar | Double-Bit Axe |
| 15:30 | Investigar | Horse Collar |
| 16:06 | Construir | Farm |
| 16:07 | Construir | Farm |
| 16:09 | Construir | Farm |
| 16:12 | Construir | Farm |
| 16:17 | Crear | Villager (Male) ×5 |
| 16:37 | Edad | Edad de los Castillos |
| 16:51 | Crear | Knight ×2 |
| 17:04 | Construir | Town Center |
| 17:50 | Construir | Town Center |
| 18:28 | Crear | Villager (Male) ×5 |
| 18:41 | Construir | Farm |
| 18:46 | Construir | Farm |
| 19:00 | Crear | Knight |
| 19:21 | Crear | Villager (Male) ×5 |
| 20:09 | Crear | Villager (Male) ×5 |
| 20:19 | Construir | Monastery |
| 20:21 | Construir | House |
| 20:22 | Construir | House |
| 20:30 | Construir | House |
| 20:31 | Construir | House |
| 20:32 | Construir | House |
| 20:33 | Construir | House |
| 20:34 | Construir | House |
| 20:35 | Construir | House |
| 20:42 | Crear | Villager (Male) ×5 |
| 20:47 | Construir | Farm |
| 20:49 | Construir | Farm |
| 20:57 | Construir | Farm |
| 21:11 | Construir | Farm |
| 21:16 | Crear | Knight |
| 21:33 | Construir | Lumber Camp |
| 21:52 | Construir | Farm |
| 21:53 | Construir | Farm |
| 21:54 | Construir | Farm |
| 22:08 | Construir | House |
| 22:09 | Construir | House |
| 22:12 | Crear | Monk |
| 22:18 | Crear | Villager (Male) ×5 |
| 22:20 | Crear | Villager (Male) |
| 22:27 | Construir | Farm |
| 23:02 | Investigar | Wheelbarrow |
| 23:07 | Crear | Villager (Male) |
| 23:19 | Construir | House |
| 23:31 | Construir | House |
| 23:33 | Construir | House |
| 24:32 | Construir | House |
| 24:33 | Construir | House |
| 24:34 | Construir | House |
| 24:35 | Construir | House |
| 24:39 | Investigar | Bow Saw |
| 24:42 | Investigar | Heavy Plow |
| 24:50 | Crear | Villager (Male) ×5 |
| 24:57 | Construir | Mining Camp |
| 25:01 | Construir | Farm |
| 25:04 | Crear | Villager (Male) |
| 25:24 | Construir | Farm |
| 25:30 | Construir | Farm |
| 25:43 | Construir | Farm |
| 25:46 | Construir | Farm |
| 25:47 | Construir | Farm |
| 25:49 | Construir | Farm |
| 25:52 | Construir | Farm |
| 25:57 | Crear | Villager (Male) ×5 |
| 25:58 | Crear | Villager (Male) ×2 |
| 26:46 | Crear | Villager (Male) ×5 |
| 27:14 | Construir | Castle |
| 27:21 | Construir | Mining Camp |
| 27:31 | Crear | Villager (Male) ×5 |
| 27:36 | Construir | House |
| 27:37 | Construir | House |
| 27:50 | Construir | Blacksmith |
| 27:56 | Crear | Villager (Male) ×5 |
| 28:54 | Construir | Krepost |
| 29:04 | Crear | Villager (Male) ×5 |
| 30:13 | Crear | Konnik ×5 |
| 30:17 | Construir | Mining Camp |
| 30:34 | Investigar | Imperial Age |
| 31:06 | Crear | Konnik |
| 31:17 | Investigar | Scale Barding Armor |
| 31:19 | Investigar | Forging |
| 31:20 | Investigar | Scale Mail Armor |
| 31:32 | Construir | Farm |
| 31:34 | Construir | Farm |
| 31:36 | Construir | Farm |
| 31:37 | Construir | Farm |
| 32:24 | Investigar | Bloodlines |
| 32:29 | Crear | Konnik ×5 |
| 32:30 | Crear | Konnik ×5 |
| 33:08 | Construir | Castle |
| 33:23 | Investigar | Chain Barding Armor |
| 33:24 | Investigar | Chain Mail Armor |
| 33:25 | Investigar | Iron Casting |
| 33:44 | Edad | Edad Imperial |
| 34:02 | Crear | Trebuchet (Packed) |
| 34:02 | Crear | Trebuchet (Packed) |
| 34:04 | Crear | Konnik ×5 |
| 34:08 | Crear | Konnik |
| 34:08 | Crear | Konnik |
| 34:14 | Crear | Konnik |
| 34:44 | Investigar | Stirrups |
| 34:45 | Crear | Konnik ×2 |
| 34:54 | Crear | Trebuchet (Packed) |
| 34:54 | Crear | Trebuchet (Packed) |
| 34:56 | Crear | Konnik ×5 |
| 35:05 | Investigar | Conscription |
| 35:43 | Crear | Villager (Male) ×5 |
| 35:44 | Crear | Villager (Male) ×5 |
| 36:05 | Investigar | Plate Barding Armor |
| 36:24 | Investigar | Husbandry |
| 36:39 | Construir | Farm |
| 36:40 | Construir | Farm |
Build order — ehunevazze
Primeras 150 de 372 acciones detectadas
| 0:02 | Crear | Villager (Male) |
| 0:03 | Crear | Villager (Male) |
| 0:03 | Crear | Villager (Male) |
| 0:05 | Construir | House |
| 0:07 | Construir | House |
| 1:07 | Crear | Villager (Male) |
| 1:29 | Crear | Villager (Male) |
| 1:49 | Construir | Lumber Camp |
| 2:04 | Crear | Villager (Male) |
| 2:20 | Crear | Villager (Male) |
| 2:50 | Crear | Villager (Male) |
| 3:17 | Crear | Villager (Male) |
| 3:27 | Construir | House |
| 3:42 | Crear | Villager (Male) |
| 3:47 | Investigar | Loom |
| 4:09 | Crear | Villager (Male) |
| 4:24 | Construir | Mill |
| 4:26 | Crear | Villager (Male) |
| 5:08 | Construir | House |
| 5:17 | Crear | Villager (Male) |
| 5:18 | Crear | Villager (Male) |
| 5:18 | Crear | Villager (Male) |
| 5:59 | Crear | Villager (Male) |
| 6:38 | Crear | Villager (Male) |
| 7:29 | Crear | Villager (Male) |
| 8:15 | Investigar | Feudal Age |
| 8:22 | Construir | Barracks |
| 8:30 | Construir | Palisade Gate |
| 9:20 | Construir | House |
| 9:34 | Construir | Palisade Wall |
| 10:03 | Crear | Villager (Male) |
| 10:13 | Construir | Farm |
| 10:25 | Edad | Edad Feudal |
| 10:37 | Construir | Stable |
| 10:44 | Crear | Villager (Male) |
| 11:06 | Construir | Farm |
| 11:11 | Construir | Blacksmith |
| 11:19 | Crear | Villager (Male) |
| 11:36 | Crear | Scout Cavalry |
| 11:37 | Crear | Scout Cavalry |
| 11:38 | Crear | Scout Cavalry |
| 11:47 | Construir | Farm |
| 11:50 | Crear | Villager (Male) |
| 12:06 | Construir | Farm |
| 12:08 | Construir | Farm |
| 12:14 | Construir | House |
| 12:24 | Crear | Villager (Male) |
| 12:39 | Crear | Villager (Male) |
| 12:48 | Construir | Farm |
| 12:51 | Construir | Farm |
| 12:55 | Construir | Mining Camp |
| 13:08 | Investigar | Scale Barding Armor |
| 13:20 | Crear | Villager (Male) |
| 13:38 | Construir | House |
| 13:47 | Crear | Villager (Male) |
| 14:19 | Crear | Villager (Male) |
| 14:33 | Crear | Villager (Male) |
| 14:51 | Crear | Spearman |
| 14:55 | Crear | Spearman |
| 14:57 | Construir | Farm |
| 14:59 | Construir | Farm |
| 15:16 | Construir | Farm |
| 15:22 | Crear | Spearman |
| 15:32 | Construir | Farm |
| 15:33 | Construir | Farm |
| 15:35 | Construir | Farm |
| 15:38 | Crear | Villager (Male) |
| 15:46 | Crear | Spearman |
| 16:38 | Crear | Villager (Male) |
| 17:03 | Construir | Farm |
| 17:07 | Investigar | Castle Age |
| 17:20 | Crear | Spearman |
| 17:51 | Investigar | Double-Bit Axe |
| 17:58 | Construir | House |
| 18:06 | Investigar | Gold Mining |
| 19:47 | Edad | Edad de los Castillos |
| 19:59 | Construir | Town Center |
| 20:02 | Construir | Town Center |
| 20:14 | Investigar | Town Watch |
| 20:36 | Crear | Villager (Male) |
| 21:02 | Crear | Villager (Male) |
| 21:08 | Investigar | Pikeman (upgrade) |
| 21:10 | Crear | Villager (Male) |
| 21:22 | Crear | Villager (Male) |
| 21:26 | Crear | Villager (Male) |
| 21:28 | Crear | Villager (Male) |
| 21:42 | Construir | Farm |
| 21:48 | Crear | Villager (Male) |
| 21:55 | Investigar | Wheelbarrow |
| 22:02 | Crear | Villager (Male) |
| 22:26 | Crear | Villager (Male) |
| 22:28 | Crear | Villager (Male) |
| 22:35 | Investigar | Stone Mining |
| 22:47 | Crear | Villager (Male) |
| 22:51 | Crear | Villager (Male) |
| 23:18 | Construir | Archery Range |
| 23:20 | Crear | Spearman |
| 23:22 | Crear | Villager (Male) |
| 23:23 | Crear | Villager (Male) |
| 23:24 | Crear | Villager (Male) |
| 23:39 | Construir | House |
| 23:45 | Crear | Villager (Male) |
| 23:46 | Crear | Villager (Male) |
| 23:47 | Crear | Villager (Male) |
| 24:05 | Construir | House |
| 24:13 | Construir | University |
| 24:18 | Crear | Villager (Male) |
| 24:20 | Crear | Villager (Male) |
| 24:23 | Crear | Villager (Male) |
| 24:37 | Construir | Town Center |
| 24:41 | Construir | Archery Range |
| 24:47 | Crear | Villager (Male) |
| 24:50 | Crear | Villager (Male) |
| 24:53 | Crear | Villager (Male) |
| 25:00 | Construir | Farm |
| 25:03 | Construir | Farm |
| 25:15 | Crear | Villager (Male) |
| 25:20 | Construir | Farm |
| 25:24 | Construir | Farm |
| 25:28 | Construir | House |
| 25:30 | Construir | House |
| 25:30 | Construir | House |
| 25:32 | Crear | Villager (Male) |
| 25:33 | Crear | Villager (Male) |
| 25:39 | Construir | Outpost |
| 25:43 | Crear | Villager (Male) |
| 25:49 | Construir | House |
| 25:58 | Crear | Villager (Male) |
| 26:03 | Crear | Villager (Male) |
| 26:10 | Crear | Villager (Male) |
| 26:20 | Crear | Villager (Male) |
| 26:23 | Crear | Villager (Male) |
| 26:36 | Crear | Villager (Male) |
| 26:44 | Construir | Archery Range |
| 26:48 | Crear | Villager (Male) |
| 26:52 | Construir | Archery Range |
| 26:55 | Crear | Villager (Male) |
| 26:59 | Construir | House |
| 26:59 | Construir | House |
| 27:00 | Construir | House |
| 27:00 | Construir | House |
| 27:03 | Crear | Villager (Male) |
| 27:10 | Crear | Villager (Male) |
| 27:12 | Crear | Villager (Male) |
| 27:14 | Construir | Lumber Camp |
| 27:26 | Crear | Villager (Male) |
| 27:44 | Construir | House |
| 27:45 | Construir | House |
| 27:48 | Crear | Villager (Male) |
| 27:51 | Crear | Villager (Male) |
Cronología de la partida
| 4:12 | moleMTL · wall_segment Palisade Wall x1 |
| 4:52 | Lupus · first_building Barracks |
| 6:57 | moleMTL · wall_segment Palisade Wall x1 |
| 8:15 | moleMTL · wall_segment Palisade Wall x1 |
| 8:17 | moleMTL · wall_segment Palisade Wall x1 |
| 8:22 | ehunevazze · first_building Barracks |
| 8:36 | Kashyyykistan · first_building Barracks |
| 8:36 | uberwk · first_building Barracks |
| 9:24 | moleMTL · wall_segment Palisade Wall x1 |
| 9:24 | keyser5öz3 · first_building Barracks |
| 9:34 | ehunevazze · wall_segment Palisade Wall x6 |
| 10:00 | uberwk · wall_segment Palisade Wall x7 |
| 10:07 | moleMTL · first_building Barracks |
| 10:25 | ehunevazze · age_up feudal |
| 10:37 | ehunevazze · first_building Stable |
| 11:14 | moleMTL · age_up feudal |
| 11:28 | keyser5öz3 · age_up feudal |
| 11:31 | Lupus · age_up feudal |
| 11:35 | keyser5öz3 · first_building Archery Range |
| 11:39 | Lupus · first_building Stable |
| 12:21 | uberwk · age_up feudal |
| 12:43 | uberwk · first_building Stable |
| 12:57 | Kashyyykistan · age_up feudal |
| 13:03 | moleMTL · first_building Stable |
| 13:05 | Kashyyykistan · first_building Stable |
| 13:11 | uberwk · wall_segment Palisade Wall x1 |
| 15:21 | Lupus · age_up castle |
| 16:37 | Kashyyykistan · age_up castle |
| 19:47 | ehunevazze · age_up castle |
| 20:01 | uberwk · first_market_buy 100 food |
| 20:19 | Kashyyykistan · first_building Monastery |
| 22:21 | Lupus · first_building Archery Range |
| 23:04 | uberwk · age_up castle |
| 23:18 | ehunevazze · first_building Archery Range |
| 23:45 | moleMTL · first_building Archery Range |
| 24:04 | keyser5öz3 · age_up castle |
| 24:20 | uberwk · first_building Castle |
| 25:08 | moleMTL · age_up castle |
| 26:31 | Lupus · first_market_sell 100 wood |
| 26:35 | Lupus · first_market_buy 100 food |
| 27:14 | Kashyyykistan · first_building Castle |
| 28:54 | Kashyyykistan · first_building Krepost |
| 29:25 | ehunevazze · first_building Monastery |
| 29:28 | Lupus · first_building Castle |
| 29:38 | Lupus · wall_segment Stone Wall x5 |
| 29:40 | uberwk · first_building Monastery |
| 30:19 | ehunevazze · first_building Castle |
| 30:26 | Kashyyykistan · first_market_sell 500 wood |
| 31:45 | Lupus · wall_segment Stone Wall x18 |
| 32:48 | moleMTL · first_building Castle |
| 32:54 | ehunevazze · wall_segment Palisade Wall x3 |
| 33:44 | Kashyyykistan · age_up imperial |
| 33:54 | ehunevazze · age_up imperial |
| 34:16 | Lupus · wall_segment Stone Wall x10 |
| 34:18 | ehunevazze · first_building Siege Workshop |
| 34:35 | Lupus · wall_segment Stone Wall x47 |
| 34:46 | Lupus · age_up imperial |
| 35:32 | keyser5öz3 · first_building Castle |
| 35:33 | moleMTL · first_building Siege Workshop |
| 36:40 | moleMTL · first_building Monastery |
| 37:00 | moleMTL · first_market_sell 500 wood |
| 39:41 | uberwk · age_up imperial |
| 40:34 | moleMTL · age_up imperial |
| 41:52 | Kashyyykistan · tribute_sent a jugador 1 |
| 41:52 | Kashyyykistan · tribute_sent a jugador 2 |
| 41:52 | Kashyyykistan · tribute_sent a jugador 3 |
| 41:52 | Kashyyykistan · tribute_sent a jugador 4 |
| 41:52 | Kashyyykistan · tribute_sent a jugador 6 |
| 42:02 | Lupus · first_building Siege Workshop |
| 44:21 | uberwk · first_building Archery Range |
| 46:18 | keyser5öz3 · age_up imperial |
| 48:59 | keyser5öz3 · first_building Stable |
| 49:28 | Lupus · wall_segment Stone Wall x1 |
| 50:42 | uberwk · first_market_sell 500 wood |
| 53:14 | moleMTL · resign |
[ ANÁLISIS IA · 1 CRÉDITO ]
¿Qué pasó realmente en esta partida?
Wolo.gg analiza cada decisión: build order, eco, micro, errores típicos por bracket. Análisis personalizado por WhatsApp o Discord en 30 segundos.
Guía civ
Vietnamitas
Guía mapa
Ghost Lake
Perfil
Jugador #2021667